 Dungeon Crawl Stone Soup version 0.17-a0-1481-gfdcec5c (webtiles) character file.

1532 Fluffy the Skirmisher (level 8, -1/65 HPs)
             Began as a Demonspawn Gladiator on July 4, 2015.
             Slain by an orc warrior
             ... wielding a +0 glaive
              (15 damage)
             ... on level 5 of the Dungeon.
             The game lasted 00:21:10 (5996 turns).

Fluffy the Skirmisher (Demonspawn Gladiator)        Turns: 5996, Time: 00:21:10

Health: -1/65      AC: 17    Str: 19    XL:     8   Next: 55%
Magic:  8/8        EV: 12    Int:  9    God:
Gold:   483        SH:  0    Dex: 13    Spells: 0 memorised, 7 levels left

rFire  . . .     SeeInvis .     a - +0 long sword
rCold  . . .     Clarity  .     n - +0 chain mail
rNeg   . . .     SustAt   .     (no shield)
rPois  +         Gourm    .     c - +0 helmet
rElec  .         Spirit   .     g - +1 cloak
rCorr  .         Warding  .     (no gloves)
rMut   .         Stasis   .     (no boots)
MR     .....                    (no amulet)
Stlth  ..........               k - ring of poison resistance
                                i - +4 ring of evasion

@: not resistant to hostile enchantments, extremely unstealthy
A: hooves 2, iridescent scales 1, demonic guardian 1, rot immunity
a: no special abilities


You were on level 5 of the Dungeon.
You were not hungry.

You visited 1 branch of the dungeon, and saw 6 of its levels.
You visited the Abyss 1 time.
You also visited: Ossuary.

You collected 483 gold pieces.

Inventory:

Hand weapons
 a - a +0 long sword (weapon)
Missiles
 d - 3 throwing nets
 F - 2 javelins (quivered)
 I - 4 tomahawks
Armour
 c - a +0 helmet (worn)
 g - a +1 cloak (worn)
 n - a +0 chain mail (worn)
Jewellery
 i - a +4 ring of evasion (left hand)
 k - a ring of poison resistance (right hand)
Magical devices
 m - a wand of random effects (0)
 p - a wand of draining (11)
 w - a wand of fireball (8)
Scrolls
 f - 4 scrolls of remove curse
 s - 2 scrolls of teleportation
 D - a scroll of enchant armour
 H - 4 scrolls of identify
Potions
 b - 4 potions of heal wounds
 h - a potion of might
 j - 2 potions of magic
 l - 3 potions of ambrosia
 o - 2 potions of agility
 q - a potion of cure mutation {unknown}
 r - a potion of haste {unknown}
 x - a potion of curing {unknown}
 z - 4 potions of brilliance
 B - a potion of lignification {unknown}
 C - 2 potions of resistance {unknown}
 E - a potion of beneficial mutation {unknown}
 G - a potion of flight {unknown}
Comestibles
 e - 8 bread rations
 u - a meat ration
 v - 13 fruits
 A - 2 beef jerkies


   Skills:
 + Level 6.4 Fighting
 + Level 6.3 Long Blades
 - Level 1.7 Throwing
 + Level 5.5 Armour
 - Level 2.6 Dodging


You had 7 spell levels left.
You didn't know any spells.

Dungeon Overview and Level Annotations

Branches:
Dungeon (6/15)
 Temple: D:4-7

Altars:
Gozag
Okawaru
The Shining One

Shops:
D:3 *


Innate Abilities, Weirdness & Mutations

You have hoof-like feet.
You are partially covered in iridescent scales (AC +4).
A weak demonic guardian rushes to your aid.
You are immune to rotting.


Message History

You barely miss the orc warrior.
You kick the orc warrior, but do no damage.
The orc warrior is almost dead.
The orc warrior hits you with a glaive.
Your chain mail prevents you from hitting the orc warrior.
Your kick misses the orc warrior.
The orc warrior is almost dead.
The orc warrior hits you with a glaive.
You hit the orc warrior but do no damage.
The orc warrior is almost dead.
The orc warrior barely misses you.
Your chain mail prevents you from hitting the orc warrior.
You kick the orc warrior, but do no damage.
The orc warrior is almost dead.
The orc warrior hits you with a glaive!
* * * LOW HITPOINT WARNING * * *
Your chain mail prevents you from hitting the orc warrior.
The orc warrior is almost dead.
The orc warrior hits you with a glaive!
You die...

#########...####.#.#
#........#.#
#.#.######.# #.#.#
#.# ####.#.# #.#
######......# #.#
..."......### ###.#
.#####.#### #o..#
.#####.# #@###
.......# #.#
.####### #.# .# #.#
## ###.# #...# #.###
#.# #.#


You could see an orc warrior.

Vanquished Creatures
  The ghost of urechis the Frost Mage, an experienced MfIE (D:5)
  The ghost of Ajdolov the Chopper, an average FoFi (D:3)
  A centaur (D:5)
  2 ogres (D:4)
  3 scorpions
  A water moccasin skeleton (D:6)
  A crimson imp (D:5)
  A centaur zombie (D:6)
  A jelly (D:6)
  An iguana (D:5)
  Ijyb (D:2)
  2 hounds
  8 worker ants
  2 hound skeletons
  7 mummies (Ossuary)
  4 adders (D:2)
  2 oozes
  An adder skeleton (D:6)
  3 worms
  5 giant geckos
  5 orcs
  A ball python (D:4)
  18 bats
  5 giant cockroaches
  15 goblins
  9 hobgoblins
  3 jackals
  3 quokkas
  9 giant newts
  2 gnoll zombies (Ossuary)
  2 hobgoblin zombies (Ossuary)
  A jackal skeleton (D:4)
  10 kobolds
  3 kobold zombies (Ossuary)
  An orc zombie (Ossuary)
  19 rats
154 creatures vanquished.

Vanquished Creatures (collateral kills)
  Edmund (D:5)
  A worker ant (D:5)
  A mummy (Ossuary)
  An orc (D:3)
4 creatures vanquished.

Grand Total: 158 creatures vanquished

Notes
Turn   | Place    | Note
--------------------------------------------------------------
     0 | D:1      | Fluffy the Demonspawn Gladiator began the quest for the Orb.
     0 | D:1      | Reached XP level 1. HP: 16/16 MP: 1/1
   521 | D:1      | Reached skill level 3 in Long Blades
   521 | D:1      | Gained mutation: You have large cloven feet. [demonic ancestry]
   521 | D:1      | Reached XP level 2. HP: 17/22 MP: 2/2
   892 | D:1      | Reached skill level 1 in Armour
   966 | D:1      | Gained mutation: You are immune to rotting. [demonic ancestry]
   966 | D:1      | Reached XP level 3. HP: 28/28 MP: 3/3
  1884 | D:2      | Gained mutation: A weak demonic guardian rushes to your aid. [demonic ancestry]
  1884 | D:2      | Reached XP level 4. HP: 27/34 MP: 4/4
  2161 | D:2      | Noticed Ijyb
  2177 | D:2      | Killed Ijyb
  2282 | D:3      | Found Gozag's Platinum Reserve.
  2282 | D:3      | Found an opulent altar of Gozag.
  2305 | D:3      | Gained mutation: You are partially covered in iridescent scales (AC +4). [demonic ancestry]
  2305 | D:3      | Reached XP level 5. HP: 28/41 MP: 5/5
  2437 | D:3      | Reached skill level 4 in Long Blades
  2642 | D:3      | Noticed Ajdolov's ghost (average FoFi)
  3221 | D:3      | Cast into the Abyss (goblin)
  3252 | D:3      | Escaped the Abyss
  3267 | D:3      | Killed Ajdolov's ghost
  3267 | D:3      | Gained mutation: You have hoof-like feet. [demonic ancestry]
  3267 | D:3      | Reached XP level 6. HP: 17/48 MP: 6/6
  3891 | D:4      | Reached XP level 7. HP: 55/55 MP: 7/7
  4062 | D:4      | Reached skill level 5 in Long Blades
  4079 | D:5      | Entered Level 5 of the Dungeon
  4177 | D:5      | Found a sand-covered staircase.
  4183 | D:5      | Noticed urechis's ghost (experienced MfIE)
  4186 | Ossuary  | Entered an ossuary
  4534 | Ossuary  | Reached skill level 5 in Fighting
  4998 | D:5      | Killed urechis's ghost
  4998 | D:5      | Reached XP level 8. HP: 29/63 MP: 8/8
  5525 | D:5      | Reached skill level 5 in Armour
  5548 | D:5      | Noticed Edmund
  5563 | D:5      | Killed Edmund
  5563 | D:5      | Reached skill level 6 in Fighting
  5642 | D:5      | Found a glowing golden altar of the Shining One.
  5642 | D:5      | Found an iron altar of Okawaru.
  5996 | D:5      | Slain by an orc warrior

Vault maps used:
D:1:      evilmike_arrival_run_for_it, nrook_mini_vaults,
          hangedman_feature_mirror, minmay_ruptured
D:2:      serial_corexii_hall, corexii_hall_statues_u, corexii_hall_statues_s,
          serial_park_tiny_2, fountainhead, dk_vineyard_1,
          minmay_misc_feat_columns, minmay_statues_item,
          kennysheep_generic_room_16, uniq_iyjb
D:3:      nicolae_gozag_zags_fifth_avenue
D:4:      kennysheep_nub
D:5:      gammafunk_temple_overflow_wave, enter_ossuary_1, first_bread,
          uniq_edmund
Ossuary:  ossuary_tomb_3

Action                   |  1- 3 |  4- 6 |  7- 9 || total
-------------------------+-------+-------+-------++-------
Melee: Long sword        |   165 |   192 |   293 ||   650
Throw: Javelin           |       |    11 |     2 ||    13
Evoke: Wand              |       |     5 |     7 ||    12
  Use: Scroll            |     5 |     3 |     7 ||    15
 Stab: Distracted        |       |       |     1 ||     1
  Eat: Chunk             |     3 |     5 |     6 ||    14
       Royal jelly       |       |     1 |       ||     1
       Pizza             |       |       |     1 ||     1
